 Dungeon Crawl Stone Soup version 0.17-a0-15-g0155121 (webtiles) character file.

3 Ololoev the Chucker (level 1, 0/22 HPs)
             Began as an Ogre Hunter on Mar 5, 2015.
             Slain by a kobold
             ... wielding a +0 short sword
              (5 damage)
             ... on level 1 of the Dungeon.
             The game lasted 00:01:19 (186 turns).

Ololoev the Chucker (Ogre Hunter)                    Turns: 186, Time: 00:01:19

Health: 0/22       AC:  3    Str: 16    XL:     1   Next: 50%
Magic:  1/1        EV: 10    Int: 10    God:
Gold:   26         SH:  0    Dex: 10    Spells: 0 memorised, 0 levels left

rFire  . . .     SeeInvis .     h - +0 club
rCold  . . .     Clarity  .     d - +0 animal skin
rNeg   . . .     SustAb   .     (shield restricted)
rPois  .         Gourm    .     (helmet restricted)
rElec  .         Spirit   .     (no cloak)
rCorr  .         Warding  .     (gloves unavailable)
rMut   .         Stasis   .     (boots unavailable)
MR     .....                    (no amulet)
Stlth  +.........               (no ring)
                                (no ring)

@: not resistant to hostile enchantments, very unstealthy
A: unfitting armour, tough skin 1
a: no special abilities


You were on level 1 of the Dungeon.
You were not hungry.

You visited 1 branch of the dungeon, and saw 1 of its levels.

You collected 26 gold pieces.

Notes
Turn   | Place    | Note
--------------------------------------------------------------
     0 | D:1      | Ololoev, the Ogre Hunter, began the quest for the Orb.
     0 | D:1      | Reached XP level 1. HP: 22/22 MP: 1/1
   186 | D:1      | Slain by a kobold

Inventory:

Hand weapons
 h - a +0 club (weapon)
Missiles
 b - 3 large rocks (quivered)
 c - 2 throwing nets
Armour
 d - a +0 animal skin (worn)
Potions
 a - a potion of curing {unknown}
 e - a potion of heal wounds {unknown}
Comestibles
 f - a meat ration
 g - a bread ration

Table legend:
 A = Turns spent in this place as a percentage of turns spent in the entire game.
 B = Non-inter-level travel turns spent in this place as a percentage of non-inter-level travel turns spent in the entire game.
 C = Inter-level travel turns spent in this place as a percentage of turns spent in this place.
 D = Turns resting spent in this place as a percentage of non-inter-level travel turns spent in this place.
 E = Turns spent auto-exploring this place as a percentage of non-inter-level travel turns spent in this place.
 F = Non-inter-level travel turns spent in this place divided by the number of levels of this place that you've seen.
                   A       B       C       D       E      F
               +-------+-------+-------+-------+-------+----------------------
         Total | 100.0 | 100.0 |   0.0 |   2.3 |   9.2 |  87.0
       Dungeon | 100.0 | 100.0 |   0.0 |   2.3 |   9.2 |  87.0
               +-------+-------+-------+-------+-------+----------------------


   Skills:
 - Level 2.6 Fighting
 + Level 0.0 Maces & Flails
 - Level 4.6 Throwing
 - Level 1.7 Dodging
 - Level 0.7 Stealth


You couldn't memorise any spells.
You didn't know any spells.

Dungeon Overview and Level Annotations

Branches:
Dungeon (1/15)

Altars:


Innate Abilities, Weirdness & Mutations

You are too large for most types of armour.
You have tough skin (AC +1).


Message History

The hobgoblin is almost dead.
The hobgoblin hits you but does no damage.
You hit the hobgoblin.
You kill the hobgoblin!
Found a stone staircase leading down.
Things that are here:
a club; a hobgoblin corpse
h - a club Wield which item (- for none, * to show all)? (? for menu, Esc to quit)
h - a +0 club (weapon)
Drop what? 8/52 slots (_ for help) (? for menu, Esc to quit)
You drop a +0 short sword.
You start resting.
A kobold comes into view. It is wielding a short sword.
The kobold shouts!
Found 15 arrows.
You see here a glowing pink potion.
a - a glowing pink potion You closely miss the kobold.
The kobold hits you with a short sword.
You closely miss the kobold. The kobold hits you but does no damage.
You barely miss the kobold. The kobold barely misses you.
You hit the kobold but do no damage. The kobold barely misses you.
The kobold hits you with a short sword.
You hit the kobold but do no damage. The kobold hits you with a short sword.
You closely miss the kobold. The kobold completely misses you.
You barely miss the kobold. The kobold barely misses you.
You hit the kobold but do no damage. The kobold hits you but does no damage.
The kobold hits you but does no damage.
Throwing (i - inventory. (,) - cycle):
b - 5 large rocks (quivered)
Press: ? - help, Shift-Dir - straight line, f - kobold
Aim: a kobold, wielding a short sword You throw a large rock.
The large rock hits the kobold.
The kobold is moderately wounded.
Throwing (i - inventory. (,) - cycle):
b - 4 large rocks (quivered)
Press: ? - help, Shift-Dir - straight line, f/p - kobold
Aim: a kobold, wielding a short sword (moderately wounded)
You throw a large rock.
The large rock closely misses the kobold.
The kobold hits you with a short sword.
You die...

#. ..# #. #.# ###
..##.#######.#######..
>.....................
...........##.#######..
...###.....##.# #..
...?.....)..##.# #..
.....#.....##.# #.. .##
#@K..(##.# #..
#.######.# #.. #.# #.#
#.. #.# ###.###.#.# ..(
.......... ###..
..###.... ... #.#.#
.... #.#.# ..... ....#


You could see a kobold.

Table legend:
 A = Kills in this place as a percentage of kills in entire the game.
 B = Kills by you in this place as a percentage of kills by you in the entire game.
 C = Kills by friends in this place as a percentage of kills by friends in the entire game.
 D = Other kills in this place as a percentage of other kills in the entire game.
 E = Experience gained in this place as a percentage of experience gained in the entire game.
 F = Experience gained in this place divided by the number of levels of this place that you have seen.
                   A       B       C       D       E      F
               +-------+-------+-------+-------+-------+----------------------
         Total | 100.0 | 100.0 |  -nan |  -nan | 100.0 |   5.0
       Dungeon | 100.0 | 100.0 |  -nan |  -nan | 100.0 |   5.0
               +-------+-------+-------+-------+-------+----------------------

Vanquished Creatures
  A hobgoblin (D:1)
  A bat (D:1)
  2 rats (D:1)
4 creatures vanquished.

Action                   || total
-------------------------++-------
Melee: Short sword       ||    24
       Club              ||     8
Throw: Large rock        ||     2

Vault maps used:
D:1:      roderic_chinese_lattice_arrival, minmay_close_crescents
